AoeStats
← OK,OK

Pilgrims

508868448Analyzed
3v3 RM · 6d ago on Sep 24, 2026· 56m 36s· 6 players
Game mode
Random Map
Map size
Normal (6 player)
Population
200
Speed
Normal
Resources
Standard
Victory
Conquest
Starting age
Dark Age
Ending age
Imperial Age
RankedLock teamsTeams togetherTeam positionsShared explorationLock speedFull tech treeHidden civsTurbo modeCheats
Victory
Defeat
🇨🇳 Khmer · China
815
+14
814
+14
806
+14
🇨🇳 Khitans · China
846
-18
🇮🇳 Malay · India
746
-13
🇪🇸 Varangians · Spain
693
-11
andreipg2017
13:31 Feudal Age
18:14 Horse Collar
30:01 Castle Age
28:17 Double-Bit Axe
28:30 Town Watch
39:39 Man-at-Arms
39:39 Pikeman
40:35 Forging
40:25 Scale Mail Armor
40:30 Scale Barding Armor
43:42 Gold Mining
43:42 Stone Mining
44:47 Fletching
53:21 Imperial Age
52:44 Town Patrol
53:58 Heavy Plow
OK,OK
7:28 Loom
13:03 Feudal Age
13:22 Man-at-Arms
14:32 Double-Bit Axe
19:15 Domestication
24:18 Fletching
24:38 Forging
25:17 Scale Barding Armor
26:46 Scale Mail Armor
27:08 Arson
30:26 Castle Age
31:48 Light Cavalry
32:39 Fletching
33:26 Bow Saw
33:21 Pastoralism
34:07 Bodkin Arrow
37:49 Chain Mail Armor
39:28 Iron Casting
38:54 Gold Mining
40:18 Sanctity
41:12 Wheelbarrow
45:08 Imperial Age
46:15 Conscription
46:37 Hand Cart
pratikmalusare99
11:11 Loom
18:09 Feudal Age
19:59 Man-at-Arms
21:05 Gold Mining
21:06 Double-Bit Axe
21:04 Fishing Lines
27:01 Town Watch
33:24 Castle Age
32:01 Wheelbarrow
33:48 Bow Saw
33:46 Gillnets
39:56 Forging
39:39 Long Swordsman
40:19 Squires
43:07 Gillnets
50:28 Gold Shaft Mining
52:47 Imperial Age
51:01 Wheelbarrow
50:57 Stone Mining
52:10 Medium Warships
52:16 Medium Warships
53:43 Chemistry
52:25 Treadmill Crane
55:44 Stone Shaft Mining
55:15 Horse Collar
GGBond
8:53 Loom
14:18 Feudal Age
14:35 Man-at-Arms
20:08 Horse Collar
22:14 Wheelbarrow
22:16 Gold Mining
27:21 Castle Age
25:29 Fishing Lines
28:12 Heavy Plow
28:27 Long Swordsman
33:00 Gold Shaft Mining
32:43 Hand Cart
32:48 Husbandry
32:58 Bloodlines
35:02 Gillnets
36:52 Double-Bit Axe
37:50 Tusk Swords
40:43 Medium Warships
42:33 Stone Mining
43:39 Medium Warships
46:18 Imperial Age
48:17 Crop Rotation
48:39 Elite Battle Elephant
56:05 Heavy Warships
我的护卫舰是雪风
14:03 Feudal Age
13:53 Loom
14:34 Man-at-Arms
19:30 Double-Bit Axe
21:42 Horse Collar
23:06 Forging
28:47 Castle Age
30:07 Iron Casting
28:56 Long Swordsman
33:49 Heavy Plow
35:04 Anarchy
35:10 Squires
35:48 Scale Mail Armor
36:15 Bow Saw
37:51 Wheelbarrow
41:45 Imperial Age
39:19 Pikeman
40:19 Chain Mail Armor
41:20 Hand Cart
45:36 Two-Handed Swordsman
46:18 Perfusion
47:18 Crop Rotation
47:17 Champion
50:27 Blast Furnace
51:11 Elite Huskarl
想赢的人不会笑
8:12 Loom
12:56 Feudal Age
14:05 Man-at-Arms
15:23 Double-Bit Axe
24:03 Horse Collar
29:46 Castle Age
30:01 Stone Mining
31:18 Thumb Ring
32:09 Stone Shaft Mining
33:51 Heavy Plow
37:19 Gold Mining
38:40 Wheelbarrow
43:18 Imperial Age
41:17 Padded Archer Armor
41:09 Fletching
42:22 Bow Saw
43:21 Bodkin Arrow
43:42 Leather Archer Armor
45:45 Bracer
46:17 Ring Archer Armor
46:41 Paper Money
49:32 Ballistics
50:19 Chemistry
51:40 Two-Man Saw
51:06 Hand Cart
50:25 Elite Rattan Archer
Connection lost

Rejoining the realm…

Still unreachable

The connection could not be restored.

Session expired

The server has moved on; the page needs a fresh start.